Map: Ruins of Seras

Players

CMStormPolt (Polt) - Winner!

  • Race: Terran Terran
  • League: Grandmaster

Neeb

  • Race: Protoss Protoss
  • League: Grandmaster

VOD

Have the link to the VOD?

Description

Time

  • Played on: Feb. 10, 2016, 7:24 p.m.
  • Length: 11:00
Show
View Real Time Build Order
Export as new Build Order

CMStormPolt Terran - Winner!

Build Orders: MMM Bio 

Get SALT Encoding   

  12  0:00  SCV  
  13  0:12  SCV  
  14  0:18  Supply Depot  
  14  0:25  SCV  
  15  0:39  SCV  
  15  0:42  Barracks  
  16  0:52  SCV  
  17  1:04  SCV  
  18  1:16  SCV  
  19  1:19  Command Center  
  19  1:29  Orbital Command  
  19  1:31  Marine  
  20  1:39  Supply Depot  
  20  1:49  Marine  
  21  1:55  SCV  
  21  1:59  Barracks  
  22  2:07  Marine, SCV  
  24  2:11  Barracks  
  24  2:19  SCV  
  25  2:25  Marine  
  26  2:31  Orbital Command, SCV  
  27  2:42  Bunker, Marine  
  28  2:44  SCV  
  28  2:45  Refinery  
  28  2:47  Marine  
  28  2:48  Refinery  
  30  2:56  SCV  
  30  2:57  SCV  
  32  2:59  Marine  
  32  3:03  Marine  
  34  3:06  Marine  
  34  3:08  SCV  
  34  3:09  SCV  
  37  3:18  Supply Depot  
  37  3:20  SCV  
  37  3:21  Barracks Tech Lab  
  37  3:22  SCV  
  39  3:29  Marine x2  
  39  3:33  SCV  
  39  3:34  Supply Depot, SCV  
  43  3:40  Stimpack, Marauder  
  45  3:45  SCV  
  45  3:46  SCV  
  45  3:47  Marine x2  
  49  3:57  Supply Depot, SCV  
  49  3:58  SCV  
  51  4:03  Factory  
  51  4:05  Marine x2  
  51  4:06  Marauder  
  51  4:09  SCV  
  56  4:12  Engineering Bay  
  56  4:16  Supply Depot  
  56  4:20  SCV  
  56  4:21  SCV  
  58  4:28  Marine x2  
  58  4:29  Marauder  
  62  4:33  SCV x2  
  64  4:45  SCV x2  
  66  4:47  Starport, Supply Depot  
  66  4:49  Factory Reactor  
  66  4:52  Refinery  
  66  4:53  Refinery  
  66  4:57  SCV x2  
  66  4:58  Marine x2, Marauder  
  72  5:04  Terran Infantry Weapons Level 1  
  72  5:07  Supply Depot  
  72  5:09  SCV x2  
  72  5:21  Missile Turret  
  72  5:24  SCV x2  
  69  5:28  Missile Turret  
  69  5:33  Missile Turret  
  69  5:34  Marine x2, Marauder  
  68  5:52  Medivac x2  
  74  5:57  Marauder  
  74  5:58  Marine x2  
  74  6:01  Combat Shields  
  74  6:02  Barracks  
  74  6:03  Barracks  
  76  6:11  Liberator  
  76  6:14  SCV x2  
  76  6:16  Liberator  
  76  6:17  Supply Depot x2  
  76  6:18  Factory Reactor  
  78  6:24  Marine, Barracks Reactor  
  78  6:25  Marauder  
  85  6:42  Marine  
  85  6:44  SCV  
  85  6:46  Marauder  
  88  6:52  Barracks Tech Lab  
  88  6:53  Barracks Reactor  
  88  6:54  Supply Depot  
  88  6:55  Supply Depot  
  88  7:00  Marine x2  
  90  7:05  Supply Depot  
  90  7:07  Marauder, Terran Infantry Armor Level 1  
  92  7:11  Marine x2, Medivac  
  96  7:16  Medivac  
  98  7:26  Marine x2, Marauder, Liberator  
  98  7:27  Concussive Shells  
  98  7:28  Marine x2  
  98  7:29  Liberator, Marauder  
  106  7:32  Supply Depot  
  106  7:33  Supply Depot  
  112  7:53  Marauder  
  112  7:54  Marine x7  
  119  8:05  Ghost Academy  
  119  8:09  Liberator  
  119  8:12  Liberator  
  117  8:16  Marine x6, Marauder x2  
  130  8:31  Supply Depot  
  130  8:32  Supply Depot  
  130  8:33  Supply Depot  
  130  8:50  Marine x6  
  139  8:56  Ghost  
  139  8:57  Ghost  
  140  9:12  Medivac  
  142  9:21  Marine x6  
  148  9:29  Supply Depot  
  148  9:30  Ghost, Supply Depot  
  150  9:33  Ghost  
  152  9:51  Marine x6  
  158  9:56  Widow Mine  
  158  9:59  Marauder  
  162  10:00  Medivac x2  
  162  10:03  Marauder  
  134  10:28  Marine x6  
  134  10:29  Marauder x2  
Show
View Real Time Build Order
Export as new Build Order

Neeb Protoss 

Build Orders: 1 Gate Expand, Dark Templar Rush 

Get SALT Encoding   

  12  0:00  Probe (Chrono Boost)  
  13  0:11  Probe (Chrono Boost)  
  14  0:19  Pylon  
  14  0:22  Probe (Chrono Boost)  
  15  0:37  Probe (Chrono Boost)  
  15  0:38  Gateway  
  16  0:48  Probe (Chrono Boost)  
  17  0:57  Assimilator  
  17  0:58  Probe (Chrono Boost)  
  18  1:09  Probe (Chrono Boost)  
  19  1:20  Nexus  
  19  1:23  Probe (Chrono Boost)  
  20  1:33  Cybernetics Core  
  20  1:36  Probe (Chrono Boost)  
  21  1:41  Assimilator  
  21  1:47  Probe (Chrono Boost)  
  21  1:52  Pylon  
  22  1:57  Probe (Chrono Boost)  
  23  2:10  Probe (Chrono Boost), Warp Gate  
  23  2:11  Adept (Chrono Boost)  
  26  2:22  Probe  
  27  2:30  Probe  
  27  2:34  Mothership Core  
  27  2:35  Adept (Chrono Boost)  
  32  2:41  Probe  
  33  2:45  Robotics Facility  
  33  2:52  Probe (Chrono Boost)  
  33  2:55  Probe (Chrono Boost)  
  35  3:02  Pylon  
  35  3:04  Probe (Chrono Boost)  
  36  3:09  Probe (Chrono Boost), Twilight Council  
  37  3:14  Probe (Chrono Boost)  
  37  3:19  Probe (Chrono Boost)  
  39  3:25  Probe (Chrono Boost)  
  40  3:30  Probe (Chrono Boost)  
  40  3:33  Observer  
  42  3:36  Probe (Chrono Boost), Gateway  
  42  3:37  Gateway  
  43  3:42  Probe (Chrono Boost)  
  43  3:47  Dark Shrine  
  43  3:48  Probe (Chrono Boost)  
  45  3:52  Probe (Chrono Boost)  
  45  3:55  Pylon  
  46  3:58  Probe (Chrono Boost)  
  46  4:00  Warp Prism (Chrono Boost)  
  49  4:04  Probe (Chrono Boost)  
  49  4:08  Probe, Assimilator  
  51  4:14  Assimilator  
  51  4:16  Probe  
  52  4:18  Probe, Pylon  
  53  4:26  Adept  
  53  4:28  Probe  
  53  4:29  Probe  
  57  4:33  Pylon  
  57  4:34  Observer (Chrono Boost)  
  58  4:39  Probe  
  58  4:40  Probe  
  60  4:52  Probe  
  61  4:54  Probe  
  62  5:02  Dark Templar x2  
  62  5:03  Dark Templar  
  68  5:09  Nexus  
  68  5:10  Pylon  
  68  5:13  Probe, Immortal (Chrono Boost)  
  73  5:15  Probe  
  74  5:25  Probe  
  74  5:26  Probe  
  74  5:35  Dark Templar x2  
  76  5:36  Probe  
  76  5:37  Probe  
  78  5:47  Probe  
  78  5:49  Probe, Blink (Chrono Boost)  
  78  5:50  Immortal  
  80  5:58  Gateway  
  80  5:59  Gateway  
  80  6:00  Gateway  
  80  6:01  Dark Templar  
  82  6:07  Probe  
  82  6:09  Probe  
  84  6:15  Dark Templar  
  84  6:20  Pylon x2  
  84  6:24  Probe  
  84  6:25  Probe  
  84  6:27  Probe  
  84  6:29  Immortal  
  89  6:33  Assimilator, Sentry  
  89  6:34  Probe  
  89  6:35  Assimilator  
  89  6:37  Probe  
  92  6:41  Stalker  
  94  6:50  Stalker  
  96  6:54  Pylon  
  96  6:55  Pylon  
  96  6:57  Stalker x2, Pylon  
  96  6:59  Pylon  
  99  7:04  Stalker x2  
  99  7:07  Adept  
  105  7:10  Observer  
  105  7:14  Sentry  
  108  7:22  Dark Templar  
  109  7:27  Gateway  
  109  7:29  Gateway, Pylon  
  109  7:33  Adept x4  
  117  7:41  Forge  
  117  7:43  Charge (Chrono Boost), Forge  
  117  7:56  Stalker x4  
  125  8:02  Stalker x2  
  127  8:09  Observer  
  128  8:14  Protoss Ground Armor Level 1 (Chrono Boost), Protoss Ground Weapons Level 1 (Chrono Boost)  
  128  8:24  Adept  
  128  8:25  Adept x3  
  136  8:28  Adept  
  138  8:37  Zealot x3  
  138  8:38  Observer  
  143  8:50  Pylon x2  
  143  8:53  Photon Cannon  
  143  8:55  Templar Archives, Stalker  
  139  8:56  Stalker x4  
  147  9:04  Adept  
  147  9:26  Zealot x8  
  147  9:30  Pylon x2  
  163  9:41  Immortal  
  167  9:50  High Templar x3  
  167  9:51  High Templar  
  175  9:58  Archon  
  175  9:59  Zealot x4, Archon  
  183  10:02  Nexus  
  183  10:05  Pylon  
  157  10:20  Stalker x4  
  145  10:22  Stalker x2  
  145  10:23  Stalker  
  121  10:38  Zealot  
  123  10:46  Zealot x4  
  123  10:47  Zealot x3  
Tags
 
Add a new tag
Caveats
  • Supply blocks, unpowered buildings, or Contaminate may cause inaccurate times.
  • Supply counts are checked every 10 seconds.